 Dungeon Crawl Stone Soup version 0.29.0-4-gdea44cf6ec (webtiles) character file.

Game seed: 10229299110762006383

6707 qw the Grappler (level 10, -2/98 HPs)
             Began as a Troll Cinder Acolyte on Sept 1, 2022.
             Was a Believer of Ignis.
             Slain by Lodul
             ... wielding a +0 dire flail
              (16 damage)
             ... on level 9 of the Dungeon.
             The game lasted 00:04:27 (8157 turns).

qw the Grappler (Troll Cinder Acolyte)              Turns: 8157, Time: 00:04:27

Health: -2/98      AC: 19    Str: 26 (28) XL:     10   Next: 74%
Magic:  10/10      EV:  8    Int:  7 (8)  God:    Ignis [**....]
Gold:   298        SH:  0    Dex:  4 (5)  Spells: 11/11 levels left

rFire   + . .      SeeInvis .     - Unarmed
rCold   . . .      Faith    .   (no shield)
rNeg    . . .      Spirit   .   o - quicksilver dragon scales
rPois   .          Reflect  .   (helmet restricted)
rElec   .          Harm     .   (no cloak)
rCorr   .          Rampage  .   (gloves unavailable)
Will    ++...                   (boots unavailable)
Stlth   ..........              (no amulet)
HPRegen 1.06/turn               c - ring of willpower
MPRegen 0.12/turn               (no ring)

@: about to teleport, fiery-armoured
A: large, unfitting armour, claws 3, regeneration 1, shaggy fur 1, tough skin 1,
dopey 1, subdued magic 1
a: Renounce Religion, Fiery Armour, Foxfire Swarm, Rising Flame


You were on level 9 of the Dungeon.
You worshipped Ignis.
Ignis was pleased with you.
You visited 1 branch of the dungeon, and saw 10 of its levels.

You collected 613 gold pieces.
You spent 315 gold pieces at shops.


Innate Abilities, Weirdness & Mutations

You are too large for most types of armour.
You have claws for hands.
Your natural rate of healing is unusually fast.
You are covered in fur. (AC +1)
You have tough skin. (AC +1)
You are dopey. (Int -2)
Your spells are a little easier to cast, but a little less powerful.


   Skills:
 + Level 5.8 Fighting
 - Level 3.4 Throwing
 - Level 3.2 Armour
 - Level 1.5 Dodging
 - Level 14.0 Unarmed Combat
 - Level 1.0 Spellcasting
 - Level 2.1 Fire Magic


You had 11 spell levels left.
You didn't know any spells.
Your spell library contained the following spells:

 Spells                   Type           Power      Damage    Failure   Level
 Scorch                   Fire           4%         2d5       32%         2

Inventory:

Missiles
 k - a boomerang
 q - 4 javelins (quivered)
Armour
 d - a +2 robe of resistance
 o - quicksilver dragon scales (worn)
Jewellery
 c - a ring of willpower (left claw)
Scrolls
 e - a scroll of identify
 f - a scroll of teleportation
 h - 4 scrolls of enchant armour
 m - a scroll of brand weapon
Potions
 a - a potion of curing
 b - a potion of mutation
 g - a potion of cancellation {unknown}
 i - a potion of might
 j - a potion of flight {unknown}
 l - a potion of haste {unknown}
 n - a potion of attraction {unknown}
 r - a potion of magic {unknown}

Dungeon Overview and Level Annotations

Branches:
Dungeon (10/15)            Temple (0/1) D:4             Orc (0/2) D:9
   Lair: D:8-11

Altars:
Cheibriados
Dithmenos
Fedhas
Gozag
Makhleb
Qazlal
Ru
Uskayaw
Vehumet
Wu Jian
Xom
The Shining One

Shops:
D:2 :   D:6 ((:   D:7 *

Annotations:
D:7 3 runed translucent doors, qw's ghost, novice TeWr
D:9 Lodul


Message History

Lodul is lightly wounded.
The shadow strikes at you from the darkness!
Reactivating autopickup.
The shadow is burned by your cloak of flames.
The shadow is moderately damaged.
8151 ||| Stepping ~*~*~tactically~*~*~ (outnumbered).
The shadow attacks as you move away! The shadow hits you.
The wight attacks as you move away! The wight barely misses you.
The shadow slips into darkness.
The shadow flickers and vanishes!
Deactivating autopickup; reactivate with Ctrl-A.
You closely miss the wight.
The wight is moderately damaged.
You barely miss the wight.
The wight is moderately damaged.
The wight closely misses you. Lodul hits you with a +0 dire flail!
Lodul is burned by your cloak of flames.
Lodul is lightly wounded.
You claw the wight!
You destroy the wight!
The shadow strikes at you from the darkness!
Reactivating autopickup.
The shadow is burned by your cloak of flames.
The shadow is moderately damaged.
You scratch the shadow but do no damage.
The shadow is moderately damaged.
Lodul hits you with a +0 dire flail!!
Lodul is burned by your cloak of flames.
Lodul is lightly wounded.
The ogre barely misses you. The shadow hits you.
The shadow is burned by your cloak of flames.
The shadow is moderately damaged.
8156 ||| READING 2 scrolls of teleportation.
As you read the scroll of teleportation, it crumbles to dust.
You feel strangely unstable. The shadow hits you!
You mangle the shadow!!
You destroy the shadow!
Lodul hits you with a +0 dire flail!
You die...

#####........####.<...###....##
#.##...................##....##
##..............##...........#
##...........#####.....}....##
##..........?## ##..........#
##.....#.......# ##..........
#.#....##......# #..####....
###............## #..#####...
####........)>O@# ##.........#
#............)O.#####..........#
#####......##.........########..
##..######..#####.# #.##. #.##
##..# #.## ##.## ####.# #..##
#..######.## #....######..#
#...##..#..# #####....##.##
#......####. #........##
##.......###.


You could see Lodul and an ogre.

Vanquished Creatures
  Harold (D:9)
  2 trolls (D:9)
  Sigmund (D:6)
  A wraith (D:9)
  9 yaks
  2 shadows
  A wyvern (D:9)
  Eustachio (D:6)
  4 water moccasins
  An acid dragon (D:9)
  A black bear (D:5)
  2 ice beasts
  An orc warrior (D:8)
  3 centaurs
  9 ogres
  2 kobold brigands
  4 bullfrogs
  A necrophage (D:4)
  2 scorpions
  5 wights
  A howler monkey (D:7)
  A jelly (D:7)
  5 orc priests
  4 hounds
  A gnoll bouda (D:9)
  An iguana (D:5)
  5 orc wizards
  12 gnolls
  3 river rats (D:6)
  10 adders
  A shadow imp (D:7)
  3 white imps
  An ufetubus (D:6)
  5 worms
  5 dart slugs
  13 orcs
  7 endoplasms
  2 giant cockroaches
  4 goblins
  7 hobgoblins
  12 jackals
  17 kobolds
  5 ball pythons
  4 bats
  3 frilled lizards (D:2)
  6 rats
191 creatures vanquished.

Vanquished Creatures (others)
  A plant (D:3)
1 creature vanquished.

Grand Total: 192 creatures vanquished

Notes
Turn   | Place    | Note
-------+----------+-------------------------------------------
     0 | D:1      | qw the Troll Cinder Acolyte began the quest for the Orb.
     0 | D:1      | Reached XP level 1. HP: 22/22 MP: 1/1
     0 | D:1      | 0 ||| qw: Version: 0.1-a-97-g2dd2ca4
     0 | D:1      | 0 ||| qw: Game counter: 4729
     0 | D:1      | 0 ||| qw: Always use a shield: true
     0 | D:1      | 0 ||| qw: God list: Okawaru
     0 | D:1      | 0 ||| qw: Allow faded altars: false
     0 | D:1      | 0 ||| qw: Do Orc after D:15 true
     0 | D:1      | 0 ||| qw: Do second Lair branch before Depths: true
     0 | D:1      | 0 ||| qw: Lair rune preference: random
     0 | D:1      | 0 ||| qw: Plans: Normal
     0 | D:1      | 0 ||| PLANNING D:1-11
   110 | D:1      | 110 ||| Stepping ~*~*~tactically~*~*~ (outnumbered).
   111 | D:1      | 111 ||| Stepping ~*~*~tactically~*~*~ (outnumbered).
   144 | D:1      | Reached XP level 2. HP: 29/29 MP: 2/2
   159 | D:1      | You fall into a shaft and drop 1 floor!
   167 | D:2      | 167 ||| READING scroll labelled KIM SUDAPO.
   168 | D:2      | 168 ||| READING scroll labelled EXON XAOSUIW.
   208 | D:1      | 208 ||| Stepping ~*~*~tactically~*~*~ (stealth).
   319 | D:1      | 319 ||| Stepping ~*~*~tactically~*~*~ (stealth).
   324 | D:1      | Reached skill level 4 in Unarmed Combat
   687 | D:1      | 687 ||| UPGRADING to ring of willpower.
   745 | D:2      | Found a snail-covered altar of Cheibriados.
   751 | D:2      | 751 ||| Stepping ~*~*~tactically~*~*~ (stealth).
   759 | D:2      | Reached XP level 3. HP: 36/36 MP: 3/3
   760 | D:2      | 760 ||| Stepping ~*~*~tactically~*~*~ (stealth).
   771 | D:2      | Found Hagiejing's Book Emporium.
   964 | D:2      | 964 ||| INVOKING Fiery Armour.
   970 | D:2      | Reached XP level 4. HP: 36/44 MP: 4/4
   970 | D:2      | 970 ||| Stepping ~*~*~tactically~*~*~ (outnumbered).
   971 | D:2      | 971 ||| Stepping ~*~*~tactically~*~*~ (outnumbered).
   973 | D:2      | Reached skill level 5 in Unarmed Combat
  1012 | D:2      | Found a faded altar of an unknown god.
  1256 | D:2      | 1256 ||| Stepping ~*~*~tactically~*~*~ (outnumbered).
  1257 | D:2      | 1257 ||| Stepping ~*~*~tactically~*~*~ (outnumbered).
  1258 | D:2      | 1258 ||| Stepping ~*~*~tactically~*~*~ (outnumbered).
  1259 | D:2      | 1259 ||| Stepping ~*~*~tactically~*~*~ (outnumbered).
  1260 | D:2      | 1260 ||| Stepping ~*~*~tactically~*~*~ (outnumbered).
  1261 | D:2      | 1261 ||| Stepping ~*~*~tactically~*~*~ (outnumbered).
  1262 | D:2      | 1262 ||| Stepping ~*~*~tactically~*~*~ (outnumbered).
  1307 | D:2      | 1307 ||| READING 2 scrolls labelled FYMNOM MURHAN.
  1308 | D:2      | 1308 ||| READING scroll labelled BUDAENN XIMO.
  1309 | D:2      | 1309 ||| READING 2 scrolls of identify.
  1309 | D:2      | 1309 ||| IDENTIFYING bubbling amethyst potion
  1310 | D:2      | 1310 ||| DROPPING potion of invisibility.
  1550 | D:3      | 1550 ||| Stepping ~*~*~tactically~*~*~ (stealth).
  1620 | D:3      | Reached XP level 5. HP: 50/50 MP: 5/5
  1659 | D:3      | Reached skill level 6 in Unarmed Combat
  1670 | D:3      | 1670 ||| Stepping ~*~*~tactically~*~*~ (stealth).
  1742 | D:3      | 1742 ||| Stepping ~*~*~tactically~*~*~ (stealth).
  1743 | D:3      | 1743 ||| Stepping ~*~*~tactically~*~*~ (stealth).
  1744 | D:3      | 1744 ||| Stepping ~*~*~tactically~*~*~ (stealth).
  1949 | D:3      | Found an opulent altar of Gozag.
  1951 | D:3      | Found a blossoming altar of Fedhas.
  1960 | D:3      | Found a radiant altar of Vehumet.
  1960 | D:3      | Found a hide-covered altar of Uskayaw.
  1961 | D:3      | Found a burning altar of Makhleb.
  1962 | D:3      | Found an ornate altar of the Wu Jian Council.
  1963 | D:3      | Found a sacrificial altar of Ru.
  1964 | D:3      | Found a stormy altar of Qazlal.
  2204 | D:3      | 2204 ||| READING scroll labelled ZECZIN SATWI.
  2369 | D:4      | 2369 ||| Stepping ~*~*~tactically~*~*~ (hiding).
  2483 | D:4      | 2483 ||| Stepping ~*~*~tactically~*~*~ (hiding).
  2486 | D:4      | 2486 ||| Stepping ~*~*~tactically~*~*~ (hiding).
  2490 | D:4      | 2490 ||| INVOKING Fiery Armour.
  2492 | D:4      | Reached XP level 6. HP: 55/58 MP: 6/6
  2494 | D:4      | Reached skill level 7 in Unarmed Combat
  2495 | D:4      | 2495 ||| Stepping ~*~*~tactically~*~*~ (stealth).
  2509 | D:4      | 2509 ||| Stepping ~*~*~tactically~*~*~ (hiding).
  2510 | D:4      | 2510 ||| Stepping ~*~*~tactically~*~*~ (hiding).
  2576 | D:4      | 2576 ||| Stepping ~*~*~tactically~*~*~ (outnumbered).
  2616 | D:4      | Found a staircase to the Ecumenical Temple.
  2883 | D:4      | 2883 ||| READING 2 scrolls labelled KEDOSTR GIADEUKH.
  2884 | D:4      | 2884 ||| DRINKING 2 purple potions.
  2884 | D:4      | Gained mutation: Your spells are a little easier to cast,
                  | but a little less powerful. [potion of mutation]
  2884 | D:4      | Gained mutation: You are dopey. (Int -2) [potion of
                  | mutation]
  2885 | D:4      | 2885 ||| READING 3 scrolls of identify.
  2885 | D:4      | 2885 ||| IDENTIFYING lumpy coppery potion
  2886 | D:4      | 2886 ||| READING 2 scrolls of identify.
  2886 | D:4      | 2886 ||| IDENTIFYING ruby potion
  2887 | D:4      | 2887 ||| DROPPING potion of brilliance.
  2888 | D:4      | 2888 ||| DROPPING potion of berserk rage.
  2889 | D:4      | 2889 ||| DROPPING scroll of fog.
  2903 | D:5      | Entered Level 5 of the Dungeon
  2968 | D:5      | Found a shadowy altar of Dithmenos.
  2975 | D:5      | Reached skill level 8 in Unarmed Combat
  2975 | D:5      | Reached XP level 7. HP: 66/66 MP: 7/7
  2981 | D:5      | 2981 ||| INVOKING Fiery Armour.
  2981 | D:5      | HP: 6/66 [ogre/+0 giant spiked club (28)]
  2985 | D:5      | Reached skill level 3 in Fighting
  3112 | D:5      | 3112 ||| Stepping ~*~*~tactically~*~*~ (stealth).
  3233 | D:5      | Reached skill level 9 in Unarmed Combat
  3261 | D:5      | 3261 ||| INVOKING Fiery Armour.
  3263 | D:5      | Reached skill level 1 in Throwing
  3263 | D:5      | 3263 ||| FLEEEEING.
  3264 | D:5      | 3264 ||| FLEEEEING.
  3265 | D:5      | 3265 ||| FLEEEEING.
  3266 | D:5      | 3266 ||| FLEEEEING.
  3267 | D:5      | 3267 ||| FLEEEEING.
  3269 | D:5      | 3269 ||| FLEEEEING.
  3270 | D:5      | 3270 ||| FLEEEEING.
  3271 | D:5      | 3271 ||| FLEEEEING.
  3273 | D:5      | 3273 ||| FLEEEEING.
  3274 | D:5      | 3274 ||| FLEEEEING.
  3275 | D:5      | 3275 ||| FLEEEEING.
  3278 | D:5      | 3278 ||| FLEEEEING.
  3282 | D:5      | 3282 ||| FLEEEEING.
  3283 | D:5      | 3283 ||| FLEEEEING.
  3284 | D:5      | 3284 ||| FLEEEEING.
  3285 | D:5      | 3285 ||| FLEEEEING.
  3286 | D:5      | 3286 ||| FLEEEEING.
  3287 | D:5      | 3287 ||| FLEEEEING.
  3288 | D:5      | 3288 ||| FLEEEEING.
  3289 | D:5      | 3289 ||| FLEEEEING.
  3290 | D:5      | 3290 ||| FLEEEEING.
  3292 | D:5      | 3292 ||| FLEEEEING.
  3335 | D:5      | Reached skill level 1 in Dodging
  3335 | D:5      | Reached XP level 8. HP: 75/75 MP: 8/8
  3368 | D:5      | 3368 ||| Stepping ~*~*~tactically~*~*~ (outnumbered).
  3369 | D:5      | 3369 ||| Stepping ~*~*~tactically~*~*~ (outnumbered).
  3370 | D:5      | 3370 ||| Stepping ~*~*~tactically~*~*~ (outnumbered).
  3371 | D:5      | 3371 ||| Stepping ~*~*~tactically~*~*~ (outnumbered).
  3372 | D:5      | 3372 ||| Stepping ~*~*~tactically~*~*~ (outnumbered).
  3373 | D:5      | 3373 ||| Stepping ~*~*~tactically~*~*~ (outnumbered).
  3374 | D:5      | 3374 ||| Stepping ~*~*~tactically~*~*~ (outnumbered).
  3375 | D:5      | 3375 ||| Stepping ~*~*~tactically~*~*~ (outnumbered).
  3376 | D:5      | 3376 ||| Stepping ~*~*~tactically~*~*~ (outnumbered).
  3377 | D:5      | 3377 ||| Stepping ~*~*~tactically~*~*~ (outnumbered).
  3378 | D:5      | 3378 ||| Stepping ~*~*~tactically~*~*~ (outnumbered).
  3379 | D:5      | 3379 ||| Stepping ~*~*~tactically~*~*~ (outnumbered).
  3380 | D:5      | 3380 ||| Stepping ~*~*~tactically~*~*~ (outnumbered).
  3501 | D:5      | 3501 ||| Stepping ~*~*~tactically~*~*~ (hiding).
  3651 | D:5      | 3651 ||| READING scroll labelled HAOCYE JUTOASO.
  3655 | D:5      | 3655 ||| READING scroll labelled EXOUWA DELIWK.
  3656 | D:5      | 3656 ||| READING 2 scrolls of identify.
  3656 | D:5      | 3656 ||| IDENTIFYING bubbling dark potion
  3669 | D:6      | 3669 ||| PLANNING SEWER
  3671 | D:6      | Noticed Sigmund
  3672 | D:6      | 3672 ||| Stepping ~*~*~tactically~*~*~ (hiding).
  3679 | D:6      | Killed Sigmund
  3680 | D:6      | Reached skill level 10 in Unarmed Combat
  3706 | D:6      | 3706 ||| Stepping ~*~*~tactically~*~*~ (hiding).
  3708 | D:6      | 3708 ||| Stepping ~*~*~tactically~*~*~ (hiding).
  3791 | D:6      | Found a glowing golden altar of the Shining One.
  3927 | D:6      | Noticed Eustachio
  3957 | D:6      | 3957 ||| FLEEEEING.
  3958 | D:6      | 3958 ||| FLEEEEING.
  3959 | D:6      | 3959 ||| FLEEEEING.
  3961 | D:6      | 3961 ||| Stepping ~*~*~tactically~*~*~ (outnumbered).
  3980 | D:6      | 3980 ||| INVOKING Fiery Armour.
  3987 | D:6      | 3987 ||| FLEEEEING.
  4003 | D:6      | 4003 ||| Stepping ~*~*~tactically~*~*~ (outnumbered).
  4005 | D:6      | Killed Eustachio
  4071 | D:6      | 4071 ||| Stepping ~*~*~tactically~*~*~ (stealth).
  4077 | D:6      | 4077 ||| Stepping ~*~*~tactically~*~*~ (stealth).
  4236 | D:6      | Found Kakehuqypp's Book Emporium.
  4245 | D:6      | 4245 ||| Stepping ~*~*~tactically~*~*~ (hiding).
  4246 | D:6      | 4246 ||| Stepping ~*~*~tactically~*~*~ (hiding).
  4252 | D:6      | 4252 ||| Stepping ~*~*~tactically~*~*~ (stealth).
  4419 | D:6      | 4419 ||| RIP SEWER
  4428 | D:6      | 4428 ||| PLANNING D:1-11
  4439 | D:6      | Found Zise's Antique Weapon Boutique.
  4504 | D:6      | Found Amoas's Weapon Boutique.
  4793 | D:6      | 4793 ||| UPGRADING to +2 robe of resistance.
  4803 | D:6      | 4803 ||| DROPPING +0 robe.
  4804 | D:6      | 4804 ||| READING 2 scrolls labelled OBOLISCH DOASIA.
  4805 | D:6      | 4805 ||| READING scroll labelled PULOSTRIDDO.
  4842 | D:6      | 4842 ||| READING scroll labelled PIC UVVAVUX.
  4890 | D:7      | 4890 ||| FLEEEEING.
  4891 | D:7      | 4891 ||| FLEEEEING.
  4892 | D:7      | 4892 ||| STAIRDANCE
  4937 | D:7      | 4937 ||| STAIRDANCE
  4940 | D:6      | 4940 ||| INVOKING Fiery Armour.
  5002 | D:7      | 5002 ||| STAIRDANCE
  5029 | D:7      | Reached skill level 11 in Unarmed Combat
  5058 | D:7      | Reached XP level 9. HP: 84/84 MP: 9/9
  5145 | D:7      | Found Guru's CLEARANCE SALE!.
  5154 | D:7      | 5154 ||| BUYING quicksilver dragon scales (300 gold).
  5154 | D:7      | Bought quicksilver dragon scales for 300 gold pieces
  5154 | D:7      | 5154 ||| BUYING scroll of teleportation (15 gold).
  5154 | D:7      | Bought a scroll of teleportation for 15 gold pieces
  5291 | D:7      | Found a runed translucent gate.
  5291 | D:7      | Found a runed translucent gate.
  5399 | D:7      | Found a shimmering altar of Xom.
  5448 | D:7      | 5448 ||| Stepping ~*~*~tactically~*~*~ (hiding).
  5449 | D:7      | 5449 ||| Stepping ~*~*~tactically~*~*~ (hiding).
  5451 | D:7      | 5451 ||| Stepping ~*~*~tactically~*~*~ (hiding).
  5458 | D:7      | 5458 ||| Stepping ~*~*~tactically~*~*~ (outnumbered).
  5560 | D:7      | Found a runed translucent gate.
  5564 | D:7      | Noticed qw's ghost (novice TeWr)
  5566 | D:7      | 5566 ||| UPGRADING to quicksilver dragon scales.
  5576 | D:7      | 5576 ||| READING scroll labelled ZOCIMUO YGHOIZAC.
  5577 | D:7      | 5577 ||| READING 2 scrolls of identify.
  5577 | D:7      | 5577 ||| IDENTIFYING bubbling inky potion
  5660 | D:8      | Reached skill level 1 in Armour
  5741 | D:8      | 5741 ||| Stepping ~*~*~tactically~*~*~ (outnumbered).
  5742 | D:8      | 5742 ||| Stepping ~*~*~tactically~*~*~ (outnumbered).
  5744 | D:8      | 5744 ||| Stepping ~*~*~tactically~*~*~ (outnumbered).
  5771 | D:8      | Reached skill level 12 in Unarmed Combat
  5779 | D:8      | 5779 ||| Stepping ~*~*~tactically~*~*~ (hiding).
  5780 | D:8      | 5780 ||| Stepping ~*~*~tactically~*~*~ (hiding).
  5783 | D:8      | 5783 ||| Stepping ~*~*~tactically~*~*~ (hiding).
  5788 | D:8      | 5788 ||| INVOKING Fiery Armour.
  5854 | D:8      | 5854 ||| Stepping ~*~*~tactically~*~*~ (stealth).
  5872 | D:8      | 5872 ||| Stepping ~*~*~tactically~*~*~ (hiding).
  6195 | D:8      | 6195 ||| Stepping ~*~*~tactically~*~*~ (hiding).
  6448 | D:9      | 6448 ||| INVOKING Fiery Armour.
  6449 | D:9      | 6449 ||| Stepping ~*~*~tactically~*~*~ (outnumbered).
  6450 | D:9      | 6450 ||| STAIRDANCE
  6468 | D:9      | 6468 ||| Stepping ~*~*~tactically~*~*~ (outnumbered).
  6469 | D:9      | 6469 ||| Stepping ~*~*~tactically~*~*~ (outnumbered).
  6470 | D:9      | 6470 ||| Stepping ~*~*~tactically~*~*~ (outnumbered).
  6471 | D:9      | 6471 ||| Stepping ~*~*~tactically~*~*~ (outnumbered).
  6472 | D:9      | 6472 ||| STAIRDANCE
  6479 | D:8      | Reached skill level 3 in Throwing
  6482 | D:8      | Reached skill level 3 in Armour
  6509 | D:9      | 6509 ||| STAIRDANCE
  6525 | D:9      | 6525 ||| STAIRDANCE
  6726 | D:9      | 6726 ||| Stepping ~*~*~tactically~*~*~ (hiding).
  6728 | D:9      | 6728 ||| Stepping ~*~*~tactically~*~*~ (hiding).
  6735 | D:9      | Reached XP level 10. HP: 95/96 MP: 10/10
  6937 | D:9      | 6937 ||| Stepping ~*~*~tactically~*~*~ (hiding).
  6944 | D:9      | Noticed Harold
  6945 | D:9      | 6945 ||| INVOKING Fiery Armour.
  6951 | D:9      | 6951 ||| Stepping ~*~*~tactically~*~*~ (outnumbered).
  6955 | D:9      | Killed Harold
  6956 | D:9      | Reached skill level 13 in Unarmed Combat
  6958 | D:9      | 6958 ||| FLEEEEING.
  6959 | D:9      | 6959 ||| FLEEEEING.
  6960 | D:9      | 6960 ||| FLEEEEING.
  6961 | D:9      | 6961 ||| FLEEEEING.
  6962 | D:9      | 6962 ||| FLEEEEING.
  6973 | D:9      | 6973 ||| FLEEEEING.
  6974 | D:9      | 6974 ||| FLEEEEING.
  6983 | D:9      | 6983 ||| FLEEEEING.
  6984 | D:9      | 6984 ||| FLEEEEING.
  6985 | D:9      | 6985 ||| FLEEEEING.
  6986 | D:9      | 6986 ||| FLEEEEING.
  6987 | D:9      | 6987 ||| FLEEEEING.
  6988 | D:9      | 6988 ||| FLEEEEING.
  6989 | D:9      | 6989 ||| FLEEEEING.
  6990 | D:9      | 6990 ||| FLEEEEING.
  6991 | D:9      | 6991 ||| FLEEEEING.
  6992 | D:9      | 6992 ||| FLEEEEING.
  6993 | D:9      | 6993 ||| FLEEEEING.
  6994 | D:9      | 6994 ||| FLEEEEING.
  6997 | D:9      | 6997 ||| FLEEEEING.
  6998 | D:9      | 6998 ||| FLEEEEING.
  6999 | D:9      | 6999 ||| FLEEEEING.
  7000 | D:9      | 7000 ||| FLEEEEING.
  7001 | D:9      | 7001 ||| FLEEEEING.
  7002 | D:9      | 7002 ||| FLEEEEING.
  7003 | D:9      | 7003 ||| FLEEEEING.
  7004 | D:9      | 7004 ||| FLEEEEING.
  7005 | D:9      | 7005 ||| FLEEEEING.
  7006 | D:9      | 7006 ||| FLEEEEING.
  7007 | D:9      | 7007 ||| FLEEEEING.
  7008 | D:9      | 7008 ||| FLEEEEING.
  7009 | D:9      | 7009 ||| FLEEEEING.
  7010 | D:9      | 7010 ||| FLEEEEING.
  7011 | D:9      | 7011 ||| STAIRDANCE
  7020 | D:9      | 7020 ||| Stepping ~*~*~tactically~*~*~ (outnumbered).
  7064 | D:9      | 7064 ||| Stepping ~*~*~tactically~*~*~ (hiding).
  7188 | D:9      | 7188 ||| Stepping ~*~*~tactically~*~*~ (outnumbered).
  7189 | D:9      | 7189 ||| Stepping ~*~*~tactically~*~*~ (outnumbered).
  7190 | D:9      | 7190 ||| Stepping ~*~*~tactically~*~*~ (outnumbered).
  7192 | D:9      | 7192 ||| Stepping ~*~*~tactically~*~*~ (outnumbered).
  7193 | D:9      | 7193 ||| Stepping ~*~*~tactically~*~*~ (outnumbered).
  7587 | D:9      | Reached skill level 14 in Unarmed Combat
  7734 | D:9      | Found a staircase to the Orcish Mines.
  8037 | D:9      | 8037 ||| DRINKING 2 sedimented red potions.
  8038 | D:9      | 8038 ||| DROPPING potion of degeneration.
  8062 | D:10     | Entered Level 10 of the Dungeon
  8062 | D:10     | Noticed Lodul
  8063 | D:10     | 8063 ||| STAIRDANCE
  8100 | D:10     | 8100 ||| STAIRDANCE
  8102 | D:9      | 8102 ||| Stepping ~*~*~tactically~*~*~ (outnumbered).
  8147 | D:10     | 8147 ||| STAIRDANCE
  8149 | D:9      | 8149 ||| INVOKING Fiery Armour.
  8150 | D:9      | 8150 ||| Stepping ~*~*~tactically~*~*~ (outnumbered).
  8151 | D:9      | 8151 ||| Stepping ~*~*~tactically~*~*~ (outnumbered).
  8155 | D:9      | HP: 20/98 [Lodul/+0 dire flail (20)]
  8156 | D:9      | 8156 ||| READING 2 scrolls of teleportation.
  8157 | D:9      | Slain by Lodul

Levels and vault maps discovered:
D:1:      minmay_arrival_pointy, layout_basic, grunt_decor_mini_mirrors
D:2:      layout_basic, basic_altar, hellmonk_ecumenical_altar_lost_god,
          serial_shops, nicolae_shop_waterfront
D:3:      layout_basic, minitemple, serial_bayou_pond_c,
          minmay_misc_feat_hallway
D:4:      layout_cave_pools, temple_pool_b
D:5:      layout_basic, kennysheep_mini, kennysheep_decorative_pillar
D:6:      layout_loops_ring, nicolae_tso_swordbearing_angel, serial_shops,
          kennysheep_little_box, shop, shop, lightli_sewer_entry_pipes,
          uniq_sigmund, uniq_eustachio
D:7:      layout_cave_pools, marbit_many_paths, gammafunk_ghost_necromancy,
          nicolae_shop_clearance
D:8:      layout_basic
D:9:      layout_layer_cave, orc_0_dummy, kennysheep_nondescript, uniq_harold
D:10:     layout_basic, dpeg_oklobed_lair, uniq_maggie, uniq_lodul,
          uniq_gastronok, uniq_psyche

Skill      XL: |  1  2  3  4  5  6  7  8  9 10 |
---------------+-------------------------------+-----
Unarmed Combat | 4 5 6 8 9 11 12 14 | 14.0
Fighting       | 3 4 5 |  5.8
Throwing       | 1 3 |  3.4
Dodging        | 1 |  1.5
Armour         | 3 |  3.2
Spellcasting   | |  1.0
Fire Magic     | |  2.1

Action                   |  1- 3 |  4- 6 |  7- 9 | 10-12 || total
-------------------------+-------+-------+-------+-------++-------
Melee: Unarmed           |    97 |   129 |   233 |    76 ||   535
       Punch             |       |       |     7 |     2 ||     9
Throw: Boomerang         |       |     5 |    60 |       ||    65
       Javelin           |       |       |     3 |    10 ||    13
Invok: Fiery Armour      |     1 |     1 |     6 |     2 ||    10
  Use: Scroll            |     2 |     7 |     8 |     1 ||    18
       Potion            |       |     1 |       |     1 ||     2
Armor: Robe              |    43 |    50 |    51 |       ||   144
       Quicksilver drago |       |       |    30 |    27 ||    57
Dodge: Dodged            |    46 |    41 |   107 |    54 ||   248

Table legend:
 A = Non-vault XP
 B = Vault XP
 C = Vault XP percentage of total XP
 D = Non-vault monster count
 E = Vault monster count
 F = Vault count percentage of total count
                 A         B        C        D         E       F
            +---------+---------+-------+---------+---------+-------
      Total |    7956 |    1834 |  18.7 |     172 |      19 |   9.9
            +---------+---------+-------+---------+---------+-------
        D:1 |      39 |       0 |   0.0 |      20 |       0 |   0.0
        D:2 |     126 |       0 |   0.0 |      28 |       0 |   0.0
        D:3 |      96 |       0 |   0.0 |      14 |       0 |   0.0
        D:4 |     379 |       0 |   0.0 |      18 |       0 |   0.0
        D:5 |    1002 |       0 |   0.0 |      18 |       0 |   0.0
        D:6 |     386 |     489 |  55.9 |       7 |      13 |  65.0
        D:7 |     885 |      11 |   1.2 |      19 |       1 |   5.0
        D:8 |    2049 |       0 |   0.0 |      23 |       0 |   0.0
        D:9 |    2994 |    1334 |  30.8 |      25 |       5 |  16.7
            +---------+---------+-------+---------+---------+-------
